 Dungeon Crawl Stone Soup version 0.27-a0-223-ge082b6e869 (webtiles) character file.

Game seed: 17805014549500550654

1920 jasper the Zephyrmancer (level 9, -2/48 HPs)
             Began as a Tengu Air Elementalist on Feb 1, 2021.
             Was a Believer of Cheibriados.
             Slain by a bullfrog (8 damage)
             ... on level 7 of the Dungeon.
             The game lasted 00:14:45 (7505 turns).

jasper the Zephyrmancer (Tengu Air Elementalist)    Turns: 7505, Time: 00:14:46

Health: -2/48      AC:  4    Str: 20    XL:     9   Next: 17%
Magic:  6/23       EV: 14    Int: 24    God:    Cheibriados [**....]
Gold:   247        SH:  0    Dex: 19    Spells: 0/13 levels left

rFire    . . .     SeeInvis .   y - +3 scimitar
rCold    . . .     Faith    .   (no shield)
rNeg     . . .     Spirit   .   a - +1 robe
rPois    .         Reflect  .   (helmet restricted)
rElec    +         Harm     .   c - +0 cloak
rCorr    .         Rampage  .   (no gloves)
Will     .....                  (boots unavailable)
Stlth    ++........             e - amulet of the acrobat
HPRegen  0.16/turn              d - ring of wizardry
MPRegen  0.18/turn              x - ring "Buydelim" {+Inv rElec MP+9 Str+6}

@: very slow
A: beak, talons 3, able to fly
a: Fly, Renounce Religion, Evoke Invisibility, Bend Time


You were on level 7 of the Dungeon.
You worshipped Cheibriados.
Cheibriados was pleased with you.
You visited 2 branches of the dungeon, and saw 8 of its levels.

You collected 247 gold pieces.

Inventory:

Hand Weapons
 m - a +0 rapier
 y - a +3 scimitar (weapon)
Missiles
 q - a throwing net
Armour
 a - a +1 robe (worn)
 c - a +0 cloak (worn)
Magical Staves
 s - an uncursed staff of fire
Jewellery
 d - a ring of wizardry (left hand)
 e - an amulet of the acrobat (around neck)
 u - a +6 ring of dexterity
 x - the ring "Buydelim" (right hand) {+Inv rElec MP+9 Str+6}
   (You found it on level 4 of the Dungeon)

   [ring of magical power]

   It affects your strength (+6).
   It insulates you from electricity.
   It affects your magic capacity (+9).
   It lets you turn invisible.
Wands
 p - a wand of paralysis (19)
Scrolls
 h - 6 scrolls of teleportation
 k - a scroll of blinking
 l - a scroll of remove curse
 n - a scroll of amnesia {unknown}
 t - a scroll of fog
 w - a scroll of enchant weapon {unknown}
Potions
 b - 2 potions of flight
 g - a potion of brilliance {unknown}
 i - a potion of invisibility {unknown}
 j - 2 potions of lignification
 o - 2 potions of mutation {unknown}
 r - a potion of might
 v - a potion of attraction {unknown}
 z - 3 potions of curing {unknown}


   Skills:
 + Level 1.7 Fighting
 + Level 2.0 Armour
 + Level 3.2 Dodging
 - Level 2.0 Stealth
 + Level 2.7 Spellcasting
 - Level 10.0 Conjurations
 - Level 10.0 Air Magic
 * Level 2.5 Invocations


You couldn't memorise any spells.
You knew the following spells:

 Your Spells              Type           Power        Failure   Level
a - Shock                 Conj/Air       100%         1%          1
b - Static Discharge      Conj/Air       50%          1%          3
c - Airstrike             Air            25%          1%          4
d - Lightning Bolt        Conj/Air       25%          1%          5

Your spell library contained the following spells:

 Spells                   Type           Power        Failure   Level
 Swiftness                Air            50%          1%          2


Dungeon Overview and Level Annotations

Branches:
Dungeon (7/15)             Temple (1/1) D:4

Altars:
Cheibriados
Dithmenos
Fedhas
Gozag
Hepliaklqana
Kikubaaqudgha
Makhleb
Nemelex Xobeh
Okawaru
Qazlal
Ru
Vehumet
Wu Jian
Xom
Yredelemnul
Zin


Innate Abilities, Weirdness & Mutations

You have a beak for a mouth.
You have claws for feet.
You can fly continuously.


Message History

Aim: an orc warrior, wielding a +0 short sword and wearing a +0 chain mail (moderately wounded, chance to affect: 46%)
The orc warrior resists with some effort.
The orc warrior hits you with a +0 short sword!!
* * * LOW HITPOINT WARNING * * *
You take 19 damage, and have 7/48 hp.
MASSIVE DAMAGE!!
You feel much better.
The orc warrior hits you with a +0 short sword!!
* * * LOW HITPOINT WARNING * * *
You take 2 damage, and have 5/48 hp.
Evoke which item? (* to show all) (? for menu, Esc to quit)
Aiming: Paralyse
Press: ? - help, Shift-Dir - straight line, f/p - orc warrior
Aim: an orc warrior, wielding a +0 short sword and wearing a +0 chain mail (moderately wounded, chance to affect: 46%)
The orc warrior suddenly stops moving!
The bullfrog hits you but does no damage.
The helpless orc warrior fails to defend itself.
You hit the orc warrior but do no damage.
The orc warrior is moderately wounded.
The bullfrog hits you!
You die...

####.)...............
#......#.......##.
##.##.####....##
......# #.....#
##....# ##..#..#
###..# #...##.... ..
#...# #..# #####.##
..# #....@# .#
#...oF.....#
.(.............
...............
..........#....
.........###...
......##.# .). .....>
.. .$


You could see an orc warrior (paralysed) and a bullfrog.

Vanquished Creatures
  Sigmund (D:2)
  Menkaure (D:7)
  4 centaurs
  A phantom (D:5)
  2 bullfrogs
  A water moccasin zombie (D:5)
  A howler monkey (D:6)
  4 crimson imps (D:3)
  2 hounds (D:6)
  A gnoll shaman (D:4)
  4 orc priests
  Jessica (D:2)
  Terence (D:2)
  An iguana (D:6)
  7 orc wizards
  5 worker ants
  A worker ant zombie (D:7)
  Robin (D:3)
  6 adders
  11 gnolls
  A howler monkey skeleton (D:6)
  A shadow imp (D:6)
  2 white imps
  2 ufetubi
  2 oozes (D:5)
  A worm (D:2)
  3 leopard geckos
  17 orcs
  2 ball pythons
  3 giant cockroaches
  8 goblins
  8 hobgoblins
  12 jackals
  3 quokkas
  5 bats
  4 frilled lizards
  3 kobolds
  A leopard gecko skeleton (D:4)
  A quokka skeleton (D:6)
  4 rats
139 creatures vanquished.

Notes
Turn   | Place    | Note
-------+----------+-------------------------------------------
     0 | D:1      | jasper the Tengu Air Elementalist began the quest for the
                  | Orb.
     0 | D:1      | Reached XP level 1. HP: 10/10 MP: 4/4
   144 | D:1      | Reached XP level 2. HP: 13/15 MP: 0/6
   369 | D:1      | You fall into a shaft and drop 1 floor!
  1092 | D:2      | Reached XP level 3. HP: 19/19 MP: 1/7
  1193 | D:2      | Noticed Terence
  1209 | D:2      | Killed Terence
  1210 | D:2      | Reached skill level 5 in Air Magic
  1215 | D:2      | Learned a level 3 spell: Static Discharge
  1434 | D:2      | Noticed Jessica
  1441 | D:2      | Killed Jessica
  1442 | D:2      | Reached XP level 4. HP: 23/24 MP: 4/8
  1610 | D:2      | Noticed Sigmund
  1625 | D:2      | Killed Sigmund
  1626 | D:2      | Reached skill level 5 in Conjurations
  1626 | D:2      | Gained mutation: You can fly continuously. [Tengu growth]
  1626 | D:2      | Reached XP level 5. HP: 14/28 MP: 2/9
  1626 | D:2      | Reached XP level 6. HP: 16/32 MP: 2/10
  2393 | D:3      | Found a shadowy altar of Dithmenos.
  2440 | D:3      | Found a shimmering altar of Xom.
  2452 | D:3      | Reached XP level 7. HP: 35/36 MP: 2/11
  2541 | D:3      | Found a sparkling altar of Nemelex Xobeh.
  2547 | D:3      | Learned a level 4 spell: Airstrike
  2553 | D:3      | Noticed Robin
  2559 | D:3      | Killed Robin
  3149 | D:3      | Found a stormy altar of Qazlal.
  3436 | D:4      | Found a staircase to the Ecumenical Temple.
  3445 | Temple   | Entered the Ecumenical Temple
  3539 | Temple   | Became a worshipper of Cheibriados the Contemplative
  3975 | D:4      | Reached XP level 8. HP: 41/41 MP: 7/12
  3976 | D:4      | Reached * piety under Cheibriados
  4297 | D:4      | Got a scorched bronze ring
  4298 | D:4      | Identified the ring "Buydelim" {+Inv rElec MP+9 Str+6} (You
                  | found it on level 4 of the Dungeon)
  4354 | D:4      | Found an iron altar of Okawaru.
  4602 | D:5      | Entered Level 5 of the Dungeon
  5432 | D:5      | Found a hazy altar of Hepliaklqana.
  5769 | D:5      | Found a sparkling altar of Nemelex Xobeh.
  6089 | D:5      | Found a sacrificial altar of Ru.
  6313 | D:6      | Reached skill level 10 in Air Magic
  6767 | D:6      | Reached ** piety under Cheibriados
  6770 | D:6      | Reached skill level 10 in Conjurations
  6899 | D:6      | Reached skill level 1 in Invocations
  6901 | D:6      | Reached skill level 1 in Armour
  7246 | D:7      | Reached skill level 1 in Fighting
  7246 | D:7      | Noticed Menkaure
  7254 | D:7      | Killed Menkaure
  7255 | D:7      | Reached XP level 9. HP: 25/47 MP: 10/13
  7498 | D:7      | Learned a level 5 spell: Lightning Bolt
  7505 | D:7      | Slain by a bullfrog

Illustrated notes

Levels and vault maps discovered:
D:1:      shiori_arrival_maze, layout_basic, minmay_pentomino_q2
D:2:      layout_rooms, nicolae_overflow_hidden_temple,
          minmay_increasing_density, uniq_terence, uniq_sigmund, uniq_jessica
D:3:      layout_loops_ring, nicolae_dithmenos_through_a_glass_darkly,
          lemuel_round_altar, nemelex_xobeh_ov_fountains_minmay, led_xom_imps,
          uniq_robin
D:4:      layout_basic, minmay_temple_entry_mist, okawaru_trees_2
D:5:      layout_layer_cave, marbit_many_paths, kennysheep_mini,
          nemelex_diamond_rough_becter
D:6:      layout_loops_ring, kennysheep_decorative_pillar, eino_tiny_chamber,
          lemuel_old_faithful
D:7:      layout_cave_pools, eat_drink_and_be_merry_uskayaw, chequers_arboretum,
          uniq_maggie, uniq_menkaure
Temple:   zaba_magenta_temple

Skill      XL: |  1  2  3  4  5  6  7  8  9 |
---------------+----------------------------+-----
Conjurations   | 2 3 5 6 8 10 | 10.0
Air Magic      | 5 6 7 9 10 | 10.0
Invocations    | 2 |  2.5
Armour         | 1 2 |  2.0
Fighting       | 1 |  1.7
Dodging        | 3 |  3.2
Stealth        | |  2.0
Spellcasting   | |  2.7

Action                   |  1- 3 |  4- 6 |  7- 9 || total
-------------------------+-------+-------+-------++-------
Melee: Unarmed           |     6 |     5 |       ||    11
       Kick              |     4 |       |     4 ||     8
       Peck              |     1 |       |     3 ||     4
       Rapier            |       |     3 |     2 ||     5
       Scimitar          |       |       |     2 ||     2
 Cast: Shock             |    53 |    35 |   223 ||   311
       Static Discharge  |     1 |     2 |     7 ||    10
Evoke: Wand              |       |       |     7 ||     7
  Use: Potion            |       |     1 |     1 ||     2
       Scroll            |       |       |    10 ||    10
 Stab: Sleeping          |       |     1 |       ||     1
       Paralysed         |       |       |     1 ||     1
Armor: Robe              |     5 |       |    10 ||    15
       Skin              |       |     5 |       ||     5
Dodge: Dodged            |    27 |     2 |    46 ||    75
       Rpst.: Scimitar   |       |       |     4 ||     4

Table legend: (Time is in decaauts)
 A = Elapsed time spent in this place.
 B = Non-inter-level travel time spent in this place.
 C = Inter-level travel time spent in this place.
 D = Time resting spent in this place.
 E = Time spent auto-exploring this place.
 F = Levels seen in this place.
 G = Mean time per level.
                   A        B        C        D        E       F      G
               +--------+--------+--------+--------+--------+-----+--------+
         Total |   8313 |   8015 |    298 |    919 |   6268 |   8 | 1039.1 |
       Dungeon |   8094 |   7816 |    278 |    819 |   6211 |   7 | 1156.3 |
        Temple |    218 |    198 |     20 |    100 |     57 |   1 |  218.0 |
               +--------+--------+--------+--------+--------+-----+--------+

Top non-repeatable levels by time:
     D:5: 1901 daAuts
     D:3: 1544 daAuts
     D:6: 1446 daAuts
     D:4: 1224 daAuts
     D:1: 1039 daAuts
     D:2: 807 daAuts
  Temple: 218 daAuts
     D:7: 131 daAuts
